 Dungeon Crawl Stone Soup version 0.27.1-34-g3ba077fa99 (webtiles) character file.

Game seed: 17216978287623386351

2360 squill the Conjurer (level 9, -3/67 HPs)
             Began as a Hill Orc Conjurer on Jan 12, 2022.
             Was a Follower of Hepliaklqana.
             Engulfed by a steam dragon's steam (8 damage)
             ... on level 7 of the Dungeon.
             The game lasted 00:19:46 (8233 turns).

squill the Conjurer (Hill Orc Conjurer)             Turns: 8233, Time: 00:19:47

Health: -3/67      AC:  9    Str: 10    XL:     9   Next: 44%
Magic:  15/15      EV: 10    Int: 21    God:    Hepliaklqana [*.....]
Gold:   296        SH:  0    Dex:  9    Spells: 13/16 levels left

rFire    . . .     SeeInvis .   B - +2 hand axe (elec)
rCold    . . .     Faith    .   (no shield)
rNeg     . . .     Spirit   .   b - +0 ring mail
rPois    .         Reflect  .   q - +2 hat
rElec    .         Harm     .   t - +0 cloak
rCorr    .         Rampage  .   (no gloves)
Will     .....                  (no boots)
Stlth    +.........             (no amulet)
HPRegen  0.21/turn              (no ring)
MPRegen  0.14/turn              (no ring)

@: no status effects
A: reduced essence
a: Renounce Religion, Recall Ancestor, Ancestor Identity


You were on level 7 of the Dungeon.
You worshipped Hepliaklqana.
Hepliaklqana was aware of your devotion.
You visited 1 branch of the dungeon, and saw 7 of its levels.

You collected 296 gold pieces.

Inventory:

Hand Weapons
 f - a +0 whip of venom
 h - a +0 hand axe
 k - a +1 short sword of speed
 m - a +2 dagger of freezing
 s - a +3 quarterstaff of chaos
 z - a +0 war axe
 B - a +2 hand axe of electrocution (weapon)
Armour
 b - a +0 ring mail (worn)
 o - a +0 leather armour
 q - a +2 hat (worn)
 t - a +0 cloak (worn)
 G - a +0 buckler
Jewellery
 C - the ring "Jerafac" {rF+ Dex+6 Slay+3}
   (You found it on level 4 of the Dungeon)

   [ring of dexterity]

   Dex:       It affects your dexterity (+6).
   Slay:      It affects your accuracy & damage with ranged weapons and melee
   (+3).
   rF:        It protects you from fire.
Wands
 u - a wand of paralysis (14)
 J - a wand of iceblast (8)
Scrolls
 a - a scroll of silence {unknown}
 c - 4 scrolls of enchant armour {unknown}
 g - 9 scrolls of identify {unknown}
 i - 2 scrolls of noise {unknown}
 j - a scroll of immolation {unknown}
 p - 4 scrolls of amnesia {unknown}
 v - 2 scrolls of fear {unknown}
 w - a scroll of acquirement {unknown}
 y - 6 scrolls of fog {unknown}
 A - a scroll of holy word {unknown}
 E - 2 scrolls of magic mapping {unknown}
 K - a scroll of enchant weapon {unknown}
 M - a scroll of summoning {unknown}
Potions
 d - a potion of invisibility {unknown}
 e - a potion of mutation {unknown}
 l - 2 potions of cancellation {unknown}
 n - 2 potions of heal wounds
 r - 3 potions of lignification {unknown}
 x - 2 potions of haste {unknown}
 D - a potion of berserk rage {unknown}
 F - 3 potions of might {unknown}
 H - 3 potions of curing
 I - a potion of attraction {unknown}
 L - a potion of degeneration {unknown}


   Skills:
 + Level 5.8 Fighting
 + Level 6.2 Axes
 + Level 5.3 Armour
 - Level 1.5 Dodging
 - Level 1.5 Stealth
 + Level 2.9 Shields
 + Level 4.1 Spellcasting
 + Level 6.4 Conjurations
 + Level 3.7 Evocations


You had 13 spell levels left.
You knew the following spells:

 Your Spells              Type           Power      Damage    Failure   Level
a - Magic Dart            Conj           100%       1d8       1%          1
b - Searing Ray           Conj           62%        3d5       3%          2

Your spell library contained the following spells:

 Spells                   Type           Power      Damage    Failure   Level
 Dazzling Flash           Conj/Hex       34%        N/A       22%         3
 Beastly Appendage        Tmut           8%         N/A       28%         1
 Wereblood                Tmut           4%         N/A       38%         2
 Fulminant Prism          Conj/Hex       8%         3d7       58%         4
 Iskenderun's Mystic Bla  Conj/Tloc      17%        2d5       58%         4
 Spider Form              Tmut/Pois      2%         N/A       63%         3


Dungeon Overview and Level Annotations

Branches:
Dungeon (7/15)
 Temple: D:4-7

Altars:
Cheibriados
Hepliaklqana
Qazlal
Ru
Trog

Shops:
D:5 [


Message History

Done exploring.
Done exploring.
(D) Dungeon
Where to? (Enter - D:6, ? - help)
You swap places.
There is a stone staircase leading down here.
You climb downwards.
Found a scroll labelled DOC YSO GATYA.
There is a stone staircase leading up here.
You swap places.
Found a robe.
Found a stone staircase leading down.
A steam dragon comes into view.
The steam dragon breathes steam at you. The ball of steam hits you!
The steam dragon moves out of view.
You hear a shout! x2
You see here a scroll labelled DOC YSO GATYA.
You're standing in a cloud of steam!
You swap places.
You start resting.
A steam dragon is nearby!
An orc priest comes into view. It is wielding a +0 dagger.
The steam dragon breathes steam at you.
The ball of steam hits Hori!
Hori resists.
The ball of steam hits you!!
The orc priest moves out of view.
You see here a scroll labelled DOC YSO GATYA.
c - 4 scrolls labelled DOC YSO GATYA (gained 1)
An orc comes into view. It is wielding a +0 hand axe.
An orc warrior comes into view. It is wielding a +0 halberd.
The orc warrior moves out of view.
An orc comes into view. It is wielding a +0 club.
The orc priest mumbles some strange prayers to Beogh against you.
Beogh smites you!
Hori completely misses the steam dragon.
The orc priest looks satisfied for a moment.
The steam dragon breathes steam at you. The ball of steam hits you!!
* * * LOW HITPOINT WARNING * * *
You are engulfed in a cloud of scalding steam.
You die...

##.## .... .....
o.... ...... .o...
...... ......
......#####o§o...
....>.......[o...
###.####..§R#..###
##...#####.§.D......
.......<@§§#...###.#
#......§......##
..###########.....
#####


There were no monsters in sight!

Vanquished Creatures
  Pikel (D:6)
  A wraith (D:5)
  2 steam dragons (D:6)
  Duvessa (D:6)
  An ice beast (D:5)
  4 ogres
  3 lemures (D:6)
  A scorpion (D:3)
  Dowan (D:6)
  A water moccasin skeleton (D:5)
  A jelly (D:5)
  3 hounds (D:5)
  A bullfrog skeleton (D:4)
  Crazy Yiuf (D:3)
  2 centaur skeletons
  4 iguanas
  Natasha (thrice) (D:2)
  2 orc wizards (D:4)
  4 gnolls
  5 adders
  A howler monkey skeleton (D:5)
  An ufetubus (D:4)
  An adder skeleton (D:4)
  2 worms
  4 dart slugs
  16 orcs
  11 ball pythons
  3 bats (D:1)
  8 endoplasms
  5 giant cockroaches
  5 hobgoblins
  5 quokkas
  5 frilled lizards
  6 goblins
  5 kobolds
  3 rats
123 creatures vanquished.

Vanquished Creatures (collateral kills)
  A scorpion (D:6)
  A bullfrog (D:6)
  An adder (D:6)
3 creatures vanquished.

Vanquished Creatures (others)
  An ancestor (D:6)
1 creature vanquished.

Grand Total: 127 creatures vanquished

Notes
Turn   | Place    | Note
-------+----------+-------------------------------------------
     0 | D:1      | squill the Hill Orc Conjurer began the quest for the Orb.
     0 | D:1      | Reached XP level 1. HP: 14/14 MP: 3/3
   311 | D:1      | Reached XP level 2. HP: 14/22 MP: 1/4
   319 | D:1      | Learned a level 2 spell: Searing Ray
   521 | D:1      | Reached skill level 1 in Fighting
   599 | D:1      | Reached skill level 1 in Armour
   991 | D:1      | Reached XP level 3. HP: 22/28 MP: 5/5
  1649 | D:2      | Found a faded altar of an unknown god.
  2003 | D:2      | Reached skill level 1 in Axes
  2268 | D:2      | Found a snail-covered altar of Cheibriados.
  2322 | D:2      | Reached XP level 4. HP: 22/36 MP: 0/7
  2479 | D:2      | Noticed Natasha
  2486 | D:2      | Killed Natasha
  2531 | D:2      | Noticed Natasha
  2535 | D:2      | Killed Natasha
  2563 | D:2      | Noticed Natasha
  2569 | D:2      | Killed Natasha
  2570 | D:2      | Reached XP level 5. HP: 40/41 MP: 0/8
  3093 | D:3      | Found a runed translucent door.
  3104 | D:3      | Noticed Crazy Yiuf
  3151 | D:3      | Killed Crazy Yiuf
  3492 | D:3      | Reached XP level 6. HP: 34/50 MP: 0/9
  3688 | D:3      | Found a sacrificial altar of Ru.
  4443 | D:4      | Reached skill level 5 in Conjurations
  4691 | D:4      | Reached XP level 7. HP: 56/57 MP: 11/11
  4705 | D:4      | Found a hazy altar of Hepliaklqana.
  4705 | D:4      | Found a stormy altar of Qazlal.
  4752 | D:4      | Became a worshipper of Hepliaklqana the Forgotten
  4944 | D:4      | Reached skill level 1 in Evocations
  5147 | D:4      | Identified the ring "Jerafac" {rF+ Dex+6 Slay+3}
  5254 | D:5      | Entered Level 5 of the Dungeon
  5709 | D:5      | Noticed a wraith
  5723 | D:5      | Killed a wraith
  5724 | D:5      | Reached XP level 8. HP: 36/67 MP: 2/12
  5862 | D:5      | Found Pokleg's Antique Armour Shop.
  6454 | D:6      | Reached skill level 5 in Axes
  6454 | D:6      | Reached skill level 1 in Shields
  6579 | D:6      | Noticed Dowan
  6606 | D:6      | Killed Dowan
  6685 | D:6      | Noticed Duvessa
  6976 | D:6      | Killed Duvessa
  6977 | D:6      | Reached skill level 5 in Fighting
  7347 | D:6      | Found a bloodstained altar of Trog.
  7475 | D:6      | Reached skill level 5 in Armour
  7475 | D:6      | Reached XP level 9. HP: 74/74 MP: 8/14
  7526 | D:6      | Reached * piety under Hepliaklqana
  7985 | D:6      | Noticed Pikel
  8001 | D:6      | Killed Pikel
  8233 | D:7      | Engulfed by a steam dragon's steam

Illustrated notes

Levels and vault maps discovered:
D:1:      nzn_arrival_water_spiral, layout_basic
D:2:      layout_rooms, basic_altar, ebering_ecumenical_altar_sacrificial,
          uniq_natasha
D:3:      layout_rooms, nicolae_ru_the_path_less_chosen, amethyst_killhole,
          uniq_crazy_yiuf_cottage
D:4:      minmay_clustersquares, layout_basic, jmf_multi_god_temple
D:5:      layout_rooms, serial_shops, nicolae_shop_waterfront, roderic_lattice_a
D:6:      layout_gridville, lightli_temple_of_fire, small_statue_intersection,
          uniq_duvessa, uniq_pikel
D:7:      layout_rooms, nzn_wu_jian_council_hall,
          minmay_temple_entry_butterflies, uniq_maggie

Skill      XL: |  1  2  3  4  5  6  7  8  9 |
---------------+----------------------------+-----
Fighting       | 1 2 3 4 5 |  5.8
Armour         | 1 2 3 4 5 |  5.3
Spellcasting   | 2 3 4 |  4.1
Axes           | 1 2 3 4 5 6 |  6.2
Conjurations   | 5 6 |  6.4
Evocations     | 2 3 |  3.7
Shields        | 2 |  2.9
Dodging        | |  1.5
Stealth        | |  1.5

Action                   |  1- 3 |  4- 6 |  7- 9 || total
-------------------------+-------+-------+-------++-------
Melee: Dagger            |    23 |     4 |       ||    27
       Whip              |    19 |       |       ||    19
       Short sword       |    27 |       |       ||    27
       Quarterstaff      |       |    43 |       ||    43
       Hand axe          |       |       |    58 ||    58
 Cast: Magic Dart        |    66 |    37 |    31 ||   134
       Searing Ray       |       |    20 |    25 ||    45
 Stab: Sleeping          |     1 |     2 |       ||     3
       Distracted        |       |       |     1 ||     1
Armor: Robe              |    13 |       |       ||    13
       Ring mail         |       |    44 |    45 ||    89
       Leather armour    |       |     2 |       ||     2
Dodge: Dodged            |    37 |    64 |    40 ||   141
